 Dungeon Crawl Stone Soup version 0.22.1-2-g9c5b331 (webtiles) character file.

79 Matador8 the Changer (level 4, -5/32 HPs)
             Began as a Merfolk Transmuter on Dec 19, 2018.
             Was an Initiate of Nemelex Xobeh.
             Slain by a gnoll
             ... wielding a +1 flail of protection
              (7 damage)
             ... on level 2 of the Dungeon.
             The game lasted 00:07:44 (1547 turns).

Matador8 the Changer (Merfolk Transmuter)           Turns: 1547, Time: 00:08:00

Health: -5/32      AC:  2    Str: 10    XL:     4   Next: 37%
Magic:  1/7        EV: 13    Int: 13    God:    Nemelex Xobeh [......]
Gold:   61         SH:  0    Dex: 14    Spells: 4/7 levels left

rFire    . . .     SeeInvis .     - Unarmed
rCold    . . .     Gourm    .   (no shield)
rNeg     . . .     Faith    .   b - +0 robe
rPois    .         Spirit   .   (no helmet)
rElec    .         Reflect  .   (no cloak)
rCorr    .         Harm     .   (no gloves)
MR       .....                  (no boots)
Stlth    +.........             (no amulet)
HPRegen  0.10/turn              (no ring)
MPRegen  0.10/turn              (no ring)

@: no status effects
A: change form in water, swift swim, stealthy swim
a: Renounce Religion


You were on level 2 of the Dungeon.
You worshipped Nemelex Xobeh.
Nemelex Xobeh was noncommittal.
You were not hungry.

You visited 1 branch of the dungeon, and saw 2 of its levels.

You collected 61 gold pieces.

Inventory:

Missiles
 a - 29 arrows
Armour
 b - a +0 robe (worn)
 e - a +1 cloak
Jewellery
 j - a +6 ring of dexterity {unknown}
Scrolls
 h - a scroll of blinking {unknown}
 i - 3 scrolls of fear {unknown}
 l - a scroll of noise {unknown}
 n - a scroll of remove curse {unknown}
 o - a scroll of random uselessness {unknown}
Potions
 f - a potion of ambrosia {unknown}
 g - a potion of mutation {unknown}
 k - a potion of heal wounds {unknown}
Miscellaneous
 m - a plain deck of destruction
Comestibles
 c - 5 chunks of flesh
 d - 3 rations


   Skills:
 - Level 1.1 Fighting
 - Level 2.6 Dodging
 + Level 4.5 Unarmed Combat
 - Level 2.0 Spellcasting
 + Level 4.6 Transmutations


You had 4 spell levels left.
You knew the following spells:

 Your Spells              Type           Power        Failure   Level  Hunger
a - Beastly Appendage     Tmut           ##....       3%          1    ##.....
b - Sticks to Snakes      Tmut           ##......     6%          2    ###....

Your spell library contained the following spells:

 Spells                   Type           Power        Failure   Level  Hunger
 Spider Form              Tmut/Pois      #.........   30%         3    ####...
 Ice Form                 Ice/Tmut       #.......     69%         4    #####..
 Blade Hands              Tmut           ##........   71%         5    ######.


Dungeon Overview and Level Annotations

Branches:
Dungeon (2/15)

Altars:
Nemelex Xobeh
Okawaru


Message History

Confirm with . or Enter, or press ? or * to list all spells.
You create a snake!
You now have 29 arrows.
Your ball python bites the gnoll but does no damage.
Your ball python constricts the gnoll.
The gnoll hits you from afar with a halberd.
You swap places.
The gnoll struggles to escape constriction.
Your ball python bites the gnoll.
Your ball python constricts the gnoll.
The gnoll closely misses you. The gnoll hits you with a halberd.
Your ball python bites the gnoll but does no damage.
Your ball python constricts the gnoll.
Your ball python bites the gnoll but does no damage.
You hit the gnoll.
The gnoll is heavily wounded.
Your ball python bites the gnoll but does no damage.
Your ball python constricts the gnoll.
The gnoll hits you with a halberd!
* * * LOW HITPOINT WARNING * * *
The gnoll hits you with a flail of protection!
You die...
Your body disappears without a glow.

.......#
#...##..........#.##
.......#
#...#########.......
######.# #...#
#.....(.... #.#
##### #..........
#.# #.......... #.#
####....... #.#
######### #.....##
#.# #.......#
#.....#
#.#####...S@..#
#.....#
#........Sgg..#
####...#
#######..)....#
###......# #.......#
#....#..## #.......#
#....##.## #.......#
#....##..# #.#######
#....##..# #.#
#....'..># #.#
#....#####


You could see 2 gnolls and 2 friendly ball pythons.

Vanquished Creatures
  5 gnolls
  3 dart slugs
  4 bats
  A giant cockroach (D:1)
  3 goblins
  A hobgoblin (D:2)
  A quokka (D:2)
  A frilled lizard (D:2)
  3 kobolds
  2 rats
24 creatures vanquished.

Vanquished Creatures (collateral kills)
  An ooze (D:2)
  A worm (D:2)
  A kobold (D:2)
3 creatures vanquished.

Grand Total: 27 creatures vanquished

Notes
Turn   | Place    | Note
-------+----------+-------------------------------------------
     0 | D:1      | Matador8 the Merfolk Transmuter began the quest for the
                  | Orb.
     0 | D:1      | Reached XP level 1. HP: 15/15 MP: 3/3
   108 | D:1      | Reached XP level 2. HP: 17/21 MP: 3/5
   114 | D:1      | Learned a level 2 spell: Sticks to Snakes
   247 | D:1      | Found a sparkling altar of Nemelex Xobeh.
   251 | D:1      | Became a worshipper of Nemelex Xobeh the Trickster
   350 | D:1      | Received a gift from Nemelex Xobeh
   549 | D:1      | Found an iron altar of Okawaru.
   698 | D:2      | Reached XP level 3. HP: 24/26 MP: 4/6
  1381 | D:2      | Reached XP level 4. HP: 26/32 MP: 7/7
  1547 | D:2      | Slain by a gnoll

Skill      XL: |  1  2  3 |
---------------+----------+-----
Transmutations | 3 4 |  4.6
Unarmed Combat | 4 |  4.5
Fighting       | |  1.1
Dodging        | |  2.6
Spellcasting   | |  2.0

Action                   |  1- 3 |  4- 6 || total
-------------------------+-------+-------++-------
Melee: Unarmed           |    64 |    17 ||    81
       Headbutt          |     7 |       ||     7
 Cast: Beastly Appendage |    10 |       ||    10
       Sticks to Snakes  |     9 |     4 ||    13
 Stab: Distracted        |     1 |     1 ||     2
  Eat: Chunk             |     2 |     1 ||     3
Armor: Robe              |     9 |     1 ||    10
Dodge: Dodged            |    53 |     9 ||    62
